 Dungeon Crawl Stone Soup version 0.25-a0-578-gc91f01c (webtiles) character file.

Game seed: 7833189152413725356, levelgen mode: deterministic

39 Faels the Skirmisher (level 3, -1/29 HPs)
             Began as a Demonspawn Fighter on Mar 6, 2020.
             Slain by Sigmund
             ... wielding a +0 scythe
              (8 damage)
             ... on level 3 of the Dungeon.
             The game lasted 00:04:22 (1707 turns).

Faels the Skirmisher (Demonspawn Fighter)           Turns: 1707, Time: 00:04:22

Health: -1/29      AC:  8    Str: 17    XL:     3   Next: 28%
Magic:  3/3        EV:  5    Int:  9    God:
Gold:   78         SH:  8    Dex: 12    Spells: 2/2 levels left

rFire    . . .     SeeInvis .   a - +0 war axe
rCold    . . .     Gourm    .   c - +0 kite shield
rNeg     . . .     Faith    .   l - +0 chain mail
rPois    .         Spirit   .   (no helmet)
rElec    .         Reflect  .   (no cloak)
rCorr    .         Harm     .   (no gloves)
MR       .....                  (no boots)
Stlth    ..........             (no amulet)
HPRegen  0.09/turn              (no ring)
MPRegen  0.08/turn              (no ring)

@: mighty
A: nightstalker 1
a: no special abilities


You were on level 3 of the Dungeon.
You were not hungry.

You visited 1 branch of the dungeon, and saw 3 of its levels.

You collected 78 gold pieces.

Inventory:

Hand Weapons
 a - a +0 war axe (weapon)
 p - a +0 spear of venom
Armour
 b - a +0 scale mail
 c - a +0 kite shield (worn)
 k - a +0 plate armour
 l - a +0 chain mail (worn)
Scrolls
 i - a scroll of fear {unknown}
 m - 5 scrolls of identify {unknown}
 o - a scroll of amnesia {unknown}
 r - a scroll of magic mapping {unknown}
 s - 3 scrolls of remove curse {unknown}
 t - a scroll of teleportation {unknown}
Potions
 e - 2 potions of curing
 g - a potion of lignification {unknown}
 h - 2 potions of heal wounds {unknown}
 j - a potion of stabbing {unknown}
 n - a potion of berserk rage {unknown}
Comestibles
 f - 5 rations
 q - a chunk of flesh


   Skills:
 - Level 3.0 Fighting
 * Level 3.0 Axes
 - Level 2.6 Armour
 + Level 1.2 Dodging
 - Level 2.6 Shields


You had 2 spell levels left.
You didn't know any spells.
Your spell library was empty.

Dungeon Overview and Level Annotations

Branches:
Dungeon (3/15)

Altars:
Elyvilon

Annotations:
D:3 Sigmund


Innate Abilities, Weirdness & Mutations

You are slightly more attuned to the shadows.


Message History

The magic dart hits you.
You miss something. You block something's attack.
You closely miss something. Something hits you.
Your shield prevents you from hitting something.
You hear some strange, mumbled words.
You are confused.
You feel better. Something hits you.
You closely miss something. Something hits you but does no damage.
You closely miss something.
You hear some strange, mumbled words.
A puff of flame appears from out of thin air!
You block the puff of flame.
You hit something. Something hits you but does no damage.
You closely miss something. Something hits you.
You closely miss something. You block something's attack.
Your shield prevents you from hitting something.
Something hits you!
* * * LOW HITPOINT WARNING * * *
You slash something! Something hits you!
You die...

#........#####
##..###.......
#..# #......)#
#..# #.......#
###..# #..[....#
#....###........
#..##........#
#.....{......# #
####.###@)...>..#
#.#....#
#........#
#.#.#..#
#........# #
.#...#.##
#.......## #
.....#.#
#..#.#### #
.......# #..### #
# ####.#.####..#
#.# #.#....#...
..## ###.####.#


There were no monsters in sight!

Vanquished Creatures
  A leopard gecko (D:3)
  3 giant cockroaches
  5 hobgoblins
  2 jackals (D:2)
  6 kobolds
  A ball python (D:2)
  5 bats
  3 frilled lizards
  4 goblins
  6 rats
36 creatures vanquished.

Notes
Turn   | Place    | Note
-------+----------+-------------------------------------------
     0 | D:1      | Faels the Demonspawn Fighter began the quest for the Orb.
     0 | D:1      | Reached XP level 1. HP: 18/18 MP: 1/1
   432 | D:1      | Gained mutation: You are slightly more attuned to the
                  | shadows. [demonic ancestry]
   432 | D:1      | Reached XP level 2. HP: 21/24 MP: 2/2
   823 | D:2      | Found a white marble altar of Elyvilon.
   901 | D:2      | Reached skill level 1 in Dodging
  1100 | D:2      | Reached XP level 3. HP: 25/29 MP: 3/3
  1667 | D:3      | Noticed Sigmund
  1707 | D:3      | Slain by Sigmund

Levels and vault maps discovered:
D:1:      minmay_arrival_semitransparent, layout_loops_ring, minmay_box_of_dots
D:2:      layout_basic, old_standard_altar
D:3:      layout_basic, lemuel_old_faithful, uniq_sigmund

Skill      XL: |  1  2  3 |
---------------+----------+-----
Axes           | 2 3 |  3.0
Dodging        | 1 |  1.2
Fighting       | |  3.0
Armour         | |  2.6
Shields        | |  2.6

Action                   || total
-------------------------++-------
Melee: War axe           ||   148
  Use: Potion            ||     3
  Eat: Chunk             ||     3
Armor: Chain mail        ||   101
       Scale mail        ||     1
Dodge: Dodged            ||    18
Block: Kite shield       ||    64

Table legend:
 A = Non-vault XP
 B = Vault XP
 C = Vault XP percentage of total XP
 D = Non-vault monster count
 E = Vault monster count
 F = Vault count percentage of total count
                 A         B        C        D         E       F
            +---------+---------+-------+---------+---------+-------
      Total |      52 |       5 |   8.8 |      33 |       3 |   8.3
            +---------+---------+-------+---------+---------+-------
        D:1 |      14 |       5 |  26.3 |       9 |       3 |  25.0
        D:2 |      26 |       0 |   0.0 |      17 |       0 |   0.0
        D:3 |      12 |       0 |   0.0 |       7 |       0 |   0.0
            +---------+---------+-------+---------+---------+-------
